 Dungeon Crawl Stone Soup version 0.28.0 (webtiles) character file.

Game seed: 9059164090984458995

254 Prodoman the Magician (level 5, -1/39 HPs)
             Began as a Demonspawn Hedge Wizard on Feb 5, 2022.
             Slain by Grinder (2 damage)
             ... on level 3 of the Dungeon.
             The game lasted 00:11:48 (3788 turns).

Prodoman the Magician (Demonspawn Hedge Wizard)     Turns: 3788, Time: 00:11:51

Health: -1/39      AC:  2    Str: 16    XL:     5   Next: 90%
Magic:  9/11       EV: 13    Int: 17    God:
Gold:   130        SH:  0    Dex: 13    Spells: 5/12 levels left

rFire   . . .      SeeInvis .   i - +2 dagger (vamp)
rCold   . . .      Faith    .   h - orb {mayhem}
rNeg    . . .      Spirit   .   b - +0 robe
rPois   .          Reflect  .   c - +0 hat
rElec   .          Harm     .   (no cloak)
rCorr   .          Rampage  .   (no gloves)
Will    .....                   (no boots)
Stlth   ++........              (no amulet)
HPRegen 0.13/turn               m - +6 ring of strength
MPRegen 0.12/turn               (no ring)

@: no status effects
A: spiny 1, demonic magic 2
a: no special abilities


You were on level 3 of the Dungeon.
You visited 1 branch of the dungeon, and saw 3 of its levels.

You collected 130 gold pieces.

Inventory:

Hand Weapons
 a - a +0 dagger
 f - a +2 dagger of holy wrath
 i - a +2 vampiric dagger (weapon)
Missiles
 e - 10 poisoned darts
Armour
 b - a +0 robe (worn)
 c - a +0 hat (worn)
 h - an orb of mayhem (worn)
Jewellery
 d - an amulet of faith
 m - a +6 ring of strength (left hand)
Scrolls
 g - a scroll of amnesia {unknown}
 j - a scroll of silence {unknown}
 k - 2 scrolls of teleportation {unknown}
 l - a scroll of holy word {unknown}


   Skills:
 + Level 2.6 Fighting
 + Level 3.2 Dodging
 - Level 1.8 Stealth
 + Level 4.0 Spellcasting
 + Level 3.0 Conjurations
 - Level 1.0 Summonings
 - Level 0.9 Translocations


You had 5 spell levels left.
You knew the following spells:

 Your Spells              Type           Power      Damage    Failure   Level
a - Magic Dart            Conj           52%        1d5       4%          1
b - Mephitic Cloud        Conj/Pois/Air  6%         N/A       30%         3
c - Conjure Flame         Conj/Fire      8%         6-21      26%         3

Your spell library contained the following spells:

 Spells                   Type           Power      Damage    Failure   Level
 Slow                     Hex            12%        N/A       16%         1
 Blink                    Tloc           12%        N/A       16%         2
 Call Imp                 Summ           7%         N/A       16%         2
 Corpse Rot               Necr/Air       6%         N/A       24%         2
 Poisonous Vapours        Pois/Air       6%         N/A       24%         2


Dungeon Overview and Level Annotations

Branches:
Dungeon (3/15)

Altars:

Shops:
D:1 [   D:2 (

Annotations:
D:3 1 runed translucent door, Grinder


Innate Abilities, Weirdness & Mutations

You are partially covered in sharp spines.
Spells you cast may paralyse nearby enemies.


Message History

Grinder is lightly wounded.
The bat is struck by your spines.
You kill the bat!
Grinder hits you!
* * * LOW HITPOINT WARNING * * *
You writhe in agony.
* * * LOW HITPOINT WARNING * * *
Grinder is struck by your spines. Grinder closely misses you.
Casting: Magic Dart (safe; 4% risk of failure)
Confirm with . or Enter, or press ? or * to list all spells.
Aiming: Magic Dart (safe; 4% risk of failure)
Press: ? - help, Shift-Dir - straight line, f - Grinder
Aim: Grinder (lightly wounded, fast, strong, frenzied and insane, 100% to hit)
The magic dart hits Grinder but does no damage.
Grinder is lightly wounded.
Malevolent energies surge around you. Grinder misses you.
Casting: Magic Dart (safe; 4% risk of failure)
Confirm with . or Enter, or press ? or * to list all spells.
Aiming: Magic Dart (safe; 4% risk of failure)
Press: ? - help, Shift-Dir - straight line, f/p - Grinder
Aim: Grinder (lightly wounded, fast, strong, frenzied and insane, 100% to hit)
The magic dart hits Grinder but does no damage.
Grinder is lightly wounded.
Malevolent energies surge around you.
Grinder suddenly stops moving!
The helpless Grinder fails to defend herself.
You puncture Grinder!
Grinder is moderately wounded.
The helpless Grinder fails to defend herself.
You hit Grinder.
Grinder is heavily wounded.
The helpless Grinder fails to defend herself.
You hit Grinder.
Grinder is heavily wounded.
The helpless Grinder fails to defend herself.
You hit Grinder.
Grinder is severely wounded.
Grinder is no longer paralysed.
Grinder hits you!
* * * LOW HITPOINT WARNING * * *
You writhe in agony.
You die...

#... #..... ###### #...
...... ......
...#+#..... ######
#........# #...
#........# #.##
#........########.##
+...†....+..........
#.5@.....########.##
####'#+### #.##
######.#.##########.##
..............[........
#...###.......)........
#. #....#######...##
#...... +...+. ######..
#...## SF+.## #...##


You could see the neutral Grinder (fast, strong, insane).

Vanquished Creatures
  A scorpion (D:3)
  A howler monkey (D:2)
  An orc priest (D:3)
  An orc wizard (D:3)
  3 adders
  A worm (D:2)
  6 orcs (D:3)
  10 ball pythons
  6 bats
  5 endoplasms
  A giant cockroach (D:2)
  7 goblins
  5 hobgoblins
  4 jackals (D:1)
  3 kobolds
  3 quokkas
  2 frilled lizards
  4 rats (D:1)
64 creatures vanquished.

Vanquished Creatures (collateral kills)
  5 orcs (D:3)
5 creatures vanquished.

Vanquished Creatures (others)
  6 plants (D:2)
6 creatures vanquished.

Grand Total: 75 creatures vanquished

Notes
Turn   | Place    | Note
-------+----------+-------------------------------------------
     0 | D:1      | Prodoman the Demonspawn Hedge Wizard began the quest for
                  | the Orb.
     0 | D:1      | Reached XP level 1. HP: 13/13 MP: 4/4
   452 | D:1      | Gained mutation: You are partially covered in sharp spines.
                  | [demonic ancestry]
   452 | D:1      | Reached XP level 2. HP: 20/20 MP: 4/6
   798 | D:1      | Found Cieryit's Antique Armour Emporium.
  1339 | D:2      | Reached skill level 1 in Fighting
  1383 | D:2      | Reached XP level 3. HP: 26/26 MP: 4/7
  1387 | D:2      | Learned a level 3 spell: Mephitic Cloud
  1391 | D:2      | Learned a level 3 spell: Conjure Flame
  1734 | D:2      | Found Omekluit's Antique Weapon Shoppe.
  1748 | D:2      | Found a faded altar of an unknown god.
  1917 | D:2      | Gained mutation: Spells you cast may paralyse adjacent
                  | enemies. [demonic ancestry]
  1917 | D:2      | Reached XP level 4. HP: 15/33 MP: 1/9
  2831 | D:3      | Gained mutation: Spells you cast may paralyse nearby
                  | enemies. [demonic ancestry]
  2831 | D:3      | Reached XP level 5. HP: 12/38 MP: 3/10
  3701 | D:3      | Reached skill level 4 in Spellcasting
  3773 | D:3      | Found a runed translucent door.
  3778 | D:3      | Noticed Grinder
  3788 | D:3      | HP: 1/39 [Grinder (9)]
  3788 | D:3      | Slain by Grinder

Illustrated notes

Levels and vault maps discovered:
D:1:      dpeg_arrival_castle, layout_loops_corners, serial_shops,
          nicolae_shop_stone
D:2:      layout_rooms, serial_forest, infiniplex_forest_straight_2,
          infiniplex_forest_clump_curved, infiniplex_forest_lined_3,
          infiniplex_forest_clump_diagonal, infiniplex_forest_lined_ring,
          infiniplex_forest_clump_diagonal, infiniplex_forest_end_3,
          infiniplex_forest_straight_2, infiniplex_forest_lined_3,
          infiniplex_forest_lined_room_, serial_shops, shop,
          nicolae_ecumenical_snake_handling, corexii_shack, minmay_between
D:3:      layout_basic, ebering_ghost_sewer_d, uniq_grinder,
          uniq_crazy_yiuf_cottage

Skill      XL: |  1  2  3  4  5 |
---------------+----------------+-----
Dodging        | 2 3 |  3.2
Fighting       | 1 2 |  2.6
Conjurations   | 2 3 |  3.0
Spellcasting   | 4 |  4.0
Stealth        | |  1.8
Summonings     | |  1.0
Translocations | |  0.9

Action                   |  1- 3 |  4- 6 || total
-------------------------+-------+-------++-------
Melee: Dagger            |    50 |    46 ||    96
 Cast: Magic Dart        |    82 |    55 ||   137
       Mephitic Cloud    |       |     1 ||     1
  Use: Potion            |       |     3 ||     3
 Stab: Paralysed         |       |     9 ||     9
       Confused          |       |     1 ||     1
Armor: Robe              |    12 |     2 ||    14
       Skin              |       |    11 ||    11
Dodge: Dodged            |    30 |    18 ||    48
